 Dungeon Crawl Stone Soup version 0.31-a0-237-g2d982f9f85 (webtiles) character file.

Game seed: 2372437829370869603

100 qw the Shooter (level 4, -1/26 HPs)
             Began as a Gargoyle Hexslinger on July 10, 2023.
             Slain by a cerulean imp
             ... wielding a +0 spear
             ... summoned by Natasha
              (2 damage)
             ... on level 3 of the Dungeon.
             The game lasted 00:00:58 (1883 turns).

qw the Shooter (Gargoyle Hexslinger)                Turns: 1883, Time: 00:00:59

Health: -1/26      AC:  8    Str: 12    XL:     4   Next: 73%
Magic:  5/5        EV: 10    Int: 13    God:
Gold:   87         SH:  0    Dex: 14    Spells: 4/5 levels left

rFire   . . .        Y - +1 sling
rCold   . . .        (no shield)
rNeg    + . .        a - +0 ring mail
rPois   inf          (no helmet)
rElec   +            (no cloak)
rCorr   .            (no gloves)
SInv    .            (no boots)
Will    .....        (no amulet)
Stlth   +            (no ring)
HPRegen 0.24/turn    (no ring)
MPRegen 0.09/turn

%: no passive effects
@: no status effects
A: sickness immunity, AC +3, negative energy resistance 1, electricity
resistance, torment resistance 1, petrification resistance
a: no special abilities


You were on level 3 of the Dungeon.
You visited 1 branch of the dungeon, and saw 3 of its levels.

You collected 87 gold pieces.


Innate Abilities, Weirdness & Mutations

You are immune to sickness and miasma.
Your stone body is resilient. (AC +3)
You are immune to poison.
You resist negative energy. (rN+)
You are resistant to electric shocks. (rElec)
You are resistant to unholy torment.
You are immune to petrification.


   Skills:
 - Level 2.0 Fighting
 + Level 4.2 Ranged Weapons
 - Level 1.1 Armour
 - Level 1.5 Dodging
 - Level 1.0 Spellcasting
 - Level 2.6 Hexes


You had 4 spell levels left.
You knew the following spells:

 Your Spells              Type           Power      Damage    Failure   Level
a - Slow                  Hex            28%        N/A       22%         1

Your spell library contained the following spells:

 Spells                   Type           Power      Damage    Failure   Level
 Inner Flame              Hex/Fire       4%         N/A       73%         3
 Portal Projectile        Hex/Tloc       8%         N/A       73%         3
 Cause Fear               Hex            3%         N/A       91%         4

Inventory:

Hand Weapons
 Y - a +1 sling (weapon)
Armour
 a - a +0 ring mail (worn)
Scrolls
 b - a scroll of identify
 d - a scroll of amnesia {unknown}
 h - a scroll of silence {unknown}
Potions
 c - a potion of might {unknown}
 e - a potion of brilliance {unknown}
 f - a potion of enlightenment {unknown}
 g - a potion of curing {unknown}

Dungeon Overview and Level Annotations

Branches:
Dungeon (3/15)

Altars:

Annotations:
D:1 exclusion: endoplasm
D:3 Natasha


Message History

The cerulean imp is lightly wounded.
The cerulean imp hits you but does no damage.
The cerulean imp hits you from afar with a +1 spear.
The cerulean imp hits you but does no damage.
You shoot a sling bullet.
The sling bullet closely misses the cerulean imp.
The cerulean imp hits you but does no damage.
The cerulean imp hits you from afar with a +0 spear.
You shoot a sling bullet.
The sling bullet closely misses the cerulean imp.
The cerulean imp hits you but does no damage.
The cerulean imp barely misses you. x2
You shoot a sling bullet. The sling bullet hits the cerulean imp.
The cerulean imp is heavily wounded.
The cerulean imp closely misses you.
The cerulean imp hits you but does no damage.
The cerulean imp closely misses you.
You shoot a sling bullet. The sling bullet hits the cerulean imp.
The cerulean imp is severely wounded.
The cerulean imp barely misses you. The cerulean imp completely misses you.
Natasha extends her claws.
You shoot a sling bullet.
The sling bullet closely misses the cerulean imp.
The cerulean imp completely misses you.
The cerulean imp hits you but does no damage.
The cerulean imp barely misses you.
You shoot a sling bullet. The sling bullet hits the cerulean imp.
The cerulean imp is severely wounded.
The cerulean imp hits you from afar with a +0 spear.
The cerulean imp closely misses you. The cerulean imp misses you.
You shoot a sling bullet.
The sling bullet closely misses the cerulean imp.
The cerulean imp disappears in a puff of smoke!
The cerulean imp hits you from afar with a +1 spear.
The cerulean imp hits you but does no damage.
You shoot a sling bullet.
The sling bullet closely misses the cerulean imp.
The cerulean imp disappears in a puff of smoke!
The cerulean imp hits you from afar with a +0 spear.
You die...

######.## #.# #.#
# ##'## .. ##...##
... ##.....##
###..
##.......##.5. .
#.........#.##....
+...(.....@.¤Jh...
#.........#.##....
##.......##.# .
##.....## ..
##...## ### ##+##


You could see Natasha, a cerulean imp (summoned) and an endoplasm.

Vanquished Creatures
  4 adders
  2 worms
  8 endoplasms
  5 giant cockroaches
  2 goblins
  A hobgoblin (D:3)
  5 jackals
  10 kobolds
  4 quokkas
  5 bats
  5 frilled lizards
  2 rats
53 creatures vanquished.

Notes
Turn   | Place    | Note
-------+----------+-------------------------------------------
     0 | D:1      | qw the Gargoyle Hexslinger began the quest for the Orb.
     0 | D:1      | Reached XP level 1. HP: 12/12 MP: 2/2
     0 | D:1      | 0 ||| qw: Version: 0.3-a-52-g30416fa
     0 | D:1      | 0 ||| qw: Game counter: 5094
     0 | D:1      | 0 ||| qw: Melee chars always use a shield: true
     0 | D:1      | 0 ||| qw: God list: Okawaru
     0 | D:1      | 0 ||| qw: Allow faded altars: false
     0 | D:1      | 0 ||| qw: Do Orc after clearing Dungeon:15 true
     0 | D:1      | 0 ||| qw: Do second Lair branch before Depths: true
     0 | D:1      | 0 ||| qw: Lair rune preference: random
     0 | D:1      | 0 ||| qw: Goals: Normal
     0 | D:1      | 0 ||| PLANNING D:1-11
    60 | D:1      | HP: 2/12 [kobold/+0 club (4)]
   155 | D:1      | Reached XP level 2. HP: 16/16 MP: 3/3
   173 | D:1      | 173 ||| FLEEEEING.
   183 | D:1      | 183 ||| Stepping ~*~*~tactically~*~*~ (outnumbered).
   186 | D:1      | 186 ||| Stepping ~*~*~tactically~*~*~ (outnumbered).
   187 | D:1      | 187 ||| Stepping ~*~*~tactically~*~*~ (outnumbered).
   190 | D:1      | 190 ||| Stepping ~*~*~tactically~*~*~ (outnumbered).
   192 | D:1      | 192 ||| Stepping ~*~*~tactically~*~*~ (outnumbered).
   204 | D:1      | 204 ||| FLEEEEING.
   205 | D:1      | 205 ||| FLEEEEING.
   206 | D:1      | 206 ||| FLEEEEING.
   207 | D:1      | 207 ||| FLEEEEING.
   208 | D:1      | 208 ||| FLEEEEING.
   209 | D:1      | 209 ||| FLEEEEING.
   210 | D:1      | 210 ||| FLEEEEING.
   211 | D:1      | 211 ||| FLEEEEING.
   212 | D:1      | 212 ||| FLEEEEING.
   213 | D:1      | 213 ||| FLEEEEING.
   214 | D:1      | 214 ||| FLEEEEING.
   215 | D:1      | 215 ||| FLEEEEING.
   216 | D:1      | 216 ||| FLEEEEING.
   217 | D:1      | 217 ||| FLEEEEING.
   218 | D:1      | 218 ||| FLEEEEING.
   219 | D:1      | 219 ||| FLEEEEING.
   220 | D:1      | 220 ||| FLEEEEING.
   221 | D:1      | 221 ||| FLEEEEING.
   222 | D:1      | 222 ||| FLEEEEING.
   223 | D:1      | 223 ||| FLEEEEING.
   224 | D:1      | 224 ||| FLEEEEING.
   225 | D:1      | 225 ||| FLEEEEING.
   226 | D:1      | 226 ||| FLEEEEING.
   227 | D:1      | 227 ||| FLEEEEING.
   228 | D:1      | 228 ||| FLEEEEING.
   229 | D:1      | 229 ||| FLEEEEING.
   230 | D:1      | 230 ||| FLEEEEING.
   231 | D:1      | 231 ||| FLEEEEING.
   232 | D:1      | 232 ||| FLEEEEING.
   233 | D:1      | 233 ||| FLEEEEING.
   234 | D:1      | 234 ||| FLEEEEING.
   235 | D:1      | 235 ||| FLEEEEING.
   236 | D:1      | 236 ||| FLEEEEING.
   238 | D:1      | Reached skill level 3 in Ranged Weapons
   423 | D:1      | Reached XP level 3. HP: 18/21 MP: 4/4
   433 | D:1      | You fall into a shaft and drop 1 floor!
   652 | D:2      | 652 ||| UPGRADING to +0 leather armour.
   662 | D:2      | 662 ||| DROPPING +0 robe.
   663 | D:2      | 663 ||| READING scroll labelled BOZICVURUE.
   664 | D:2      | 664 ||| DROPPING scroll of poison.
  1019 | D:1      | 1019 ||| UPGRADING to +0 ring mail.
  1030 | D:1      | 1030 ||| DROPPING +0 leather armour.
  1089 | D:1      | Reached XP level 4. HP: 26/26 MP: 5/5
  1296 | D:2      | Reached skill level 4 in Ranged Weapons
  1597 | D:2      | 1597 ||| READING 2 scrolls labelled OTOOTU CAACI.
  1598 | D:2      | 1598 ||| READING 2 scrolls of identify.
  1598 | D:2      | 1598 ||| IDENTIFYING bubbling golden potion
  1599 | D:2      | 1599 ||| DROPPING scroll of fog.
  1600 | D:2      | 1600 ||| DROPPING potion of ambrosia.
  1614 | D:3      | 1614 ||| PLANNING SEWER
  1799 | D:3      | Reached skill level 1 in Armour
  1861 | D:3      | Noticed Natasha
  1876 | D:3      | HP: 5/26 [cerulean imp/+0 spear[Natasha] (3)]
  1881 | D:3      | HP: 4/26 [cerulean imp/+0 spear[Natasha] (3)]
  1882 | D:3      | HP: 1/26 [cerulean imp/+1 spear[Natasha] (3)]
  1883 | D:3      | Slain by a cerulean imp

Levels and vault maps discovered:
D:1:      minmay_arrival_shattered_statue, layout_loops_ring,
          minmay_misc_feat_iff, minivault_5, ebering_dispersal_statue_hall,
          lexackson_kobold_supper
D:2:      layout_loops_ring, minmay_misc_feat_tiny
D:3:      minmay_evil_eye, layout_loops_corners, serial_shops,
          nicolae_shop_hallway_plus, portal_sewer_entry_b, uniq_natasha

Skill      XL: |  1  2  3  4 |
---------------+-------------+-----
Ranged Weapons | 3 4 |  4.2
Fighting       | 2 |  2.0
Armour         | 1 |  1.1
Dodging        | |  1.5
Spellcasting   | |  1.0
Hexes          | |  2.6

Action                     |  1- 3 |  4- 6 || total
---------------------------+-------+-------++-------
   Fire: Sling             |   169 |    75 ||   244
    Use: Scroll            |     1 |     2 ||     3
 Armour: Robe              |    31 |       ||    31
         Ring mail         |     7 |    44 ||    51
         Leather armour    |     3 |       ||     3
  Dodge: Dodged            |    80 |    36 ||   116

Table legend:
 A = Non-vault XP
 B = Vault XP
 C = Vault XP percentage of total XP
 D = Non-vault monster count
 E = Vault monster count
 F = Vault count percentage of total count
                 A         B        C        D         E       F
            +---------+---------+-------+---------+---------+-------
      Total |     132 |      11 |   7.7 |      45 |       8 |  15.1
            +---------+---------+-------+---------+---------+-------
        D:1 |      34 |      11 |  24.4 |      20 |       8 |  28.6
        D:2 |      52 |       0 |   0.0 |      14 |       0 |   0.0
        D:3 |      46 |       0 |   0.0 |      11 |       0 |   0.0
            +---------+---------+-------+---------+---------+-------
